 Dungeon Crawl Stone Soup version 0.23.2-40-g277498a (webtiles) character file.

Game seed: 9888395191529848471

644 Kurtz the Cudgeler (level 7, -12/52 HPs)
             Began as a Mummy Chaos Knight on Sept 28, 2019.
             Was a Plaything of Xom.
             Killed from afar by a bullfrog skeleton (45 damage)
             ... with an exploding inner flame
             ... hexed by the player character
             ... on level 4 of the Dungeon.
             The game lasted 00:02:34 (1763 turns).

Kurtz the Cudgeler (Mummy Chaos Knight)             Turns: 1763, Time: 00:02:35

Health: -12/52     AC:  6    Str: 16    XL:     7   Next: 26%
Magic:  0/16       EV: 11    Int: 11    God:    Xom [..*...]
Gold:   141        SH:  0    Dex: 13    Spells: 6/6 levels left

rFire    x . .     SeeInvis .   a - +0 mace (chaos)
rCold    + . .     Gourm    .   (no shield)
rNeg     + + +     Faith    .   b - +3 leather armour
rPois    ∞         Spirit   +   (no helmet)
rElec    .         Reflect  .   (no cloak)
rCorr    .         Harm     .   (no gloves)
MR       .....                  (no boots)
Stlth    +.........             k - amulet of guardian spirit
HPRegen  0.17/turn              i - ring of magical power
MPRegen  0.15/turn              (no ring)

@: no status effects
A: no food or potions, fire vulnerability, cold resistance 1, negative energy
resistance 3, torment resistance, unbreathing
a: Renounce Religion


You were on level 4 of the Dungeon.
You worshipped Xom.
You were a toy of Xom.
You were not hungry.

You visited 1 branch of the dungeon, and saw 3 of its levels.

You collected 141 gold pieces.

Inventory:

Hand Weapons
 a - a +0 mace of chaos (weapon)
Missiles
 g - 2 javelins (quivered)
Armour
 b - a +3 leather armour (worn)
Jewellery
 h - an uncursed amulet of rage
 i - a ring of magical power (left hand)
 k - an amulet of guardian spirit (around neck)
Scrolls
 e - 3 scrolls of remove curse
 f - 2 scrolls of teleportation


   Skills:
 - Level 3.0 Fighting
 * Level 7.1 Maces & Flails
 - Level 1.5 Armour
 - Level 0.7 Dodging


You had 6 spell levels left.
You didn't know any spells.
Your spell library was empty.

Dungeon Overview and Level Annotations

Branches:
Dungeon (4/15)
 Temple: D:4-7

Altars:
Ru


Innate Abilities, Weirdness & Mutations

You do not eat or drink.
Your flesh is vulnerable to fire.
You are immune to poison.
Your flesh is cold resistant. (rC+)
You are immune to negative energy. (rN+++)
You are immune to unholy pain and torment.
You can survive without breathing.


Message History

The slave explodes!
The fiery explosion engulfs Pikel!!
Pikel explodes!
Your Maces & Flails skill gained 3 levels and is now at level 7!
You have reached level 5!
You feel agile.
You have reached level 6!
Your experience leads to an increase in your attributes!
Increase (S)trength, (I)ntelligence, or (D)exterity?
You feel stronger.
You have reached level 7!
The fiery explosion engulfs the orc!!
The orc explodes!
You hear an explosion!
You feel a bit more experienced.
The fiery explosion engulfs something!!
The fiery explosion engulfs you!!! The fire burns you terribly!
Xom roars with laughter!
Ouch! That really hurt!
You die...
Xom snickers!

* * * * * #* ###########
.**#.........# **###
..*#......§§§#####...###*********
..,+......§§§§§§@.......>,,,,,,,*
#..#......§§§#####......,,,,,,,,*
*#.#.........#####......,,,,,,,,*
#.................,....,,,,,,,,*
*#..............##.,,###*,,,,****
*#..............#*,,,* *,,*,*
*#..............#***** *,,*,*
.p############..# *,,,,*
p.*≈≈≈*≈≈≈≈≈∩*..# ********,,,*


There were no monsters in sight!

Vanquished Creatures
  Pikel (D:4)
  4 slaves (D:4)
  A bullfrog (D:2)
  An orc wizard (D:4)
  A gnoll (D:1)
  2 adders
  A worm (D:2)
  A dart slug (D:2)
  A leopard gecko (D:2)
  2 orcs (D:4)
  4 giant cockroaches
  5 hobgoblins
  A jackal (D:4)
  3 ball pythons
  4 bats
  2 frilled lizards
  5 goblins
  7 kobolds
  14 rats
60 creatures vanquished.

Notes
Turn   | Place    | Note
-------+----------+-------------------------------------------
     0 | D:1      | Kurtz the Mummy Chaos Knight began the quest for the Orb.
     0 | D:1      | Reached XP level 1. HP: 18/18 MP: 1/1
    54 | D:1      | XOM: potion effect (haste)
    91 | D:1      | XOM: potion effect (invisibility)
   102 | D:1      | Reached skill level 3 in Maces & Flails
   102 | D:1      | Reached XP level 2. HP: 5/24 MP: 2/2
   332 | D:1      | XOM: harmless Erth miscast
   489 | D:1      | XOM is BORED!
   489 | D:1      | XOM: noise
   684 | D:1      | Reached XP level 3. HP: 29/29 MP: 3/3
   761 | D:1      | XOM: harmless Necr miscast
  1209 | D:2      | Found a sacrificial altar of Ru.
  1290 | D:2      | XOM: 3-stop teleportation journey
  1443 | D:2      | Noticed a bullfrog
  1446 | D:2      | XOM: harmless Necr miscast
  1448 | D:2      | XOM: potion effect (might)
  1455 | D:2      | Reached skill level 4 in Maces & Flails
  1456 | D:2      | Killed a bullfrog
  1456 | D:2      | Reached XP level 4. HP: 10/35 MP: 4/4
  1716 | D:2      | You fall through a shaft for 2 floors!
  1740 | D:4      | Noticed a slave
  1741 | D:4      | Noticed Pikel
  1741 | D:4      | Noticed a slave
  1742 | D:4      | Noticed a slave
  1743 | D:4      | Noticed a slave
  1753 | D:4      | XOM: silly message
  1763 | D:4      | XOM: harmless Tmut miscast
  1763 | D:4      | Killed a slave
  1763 | D:4      | Killed a slave
  1763 | D:4      | Killed Pikel
  1763 | D:4      | Reached skill level 7 in Maces & Flails
  1763 | D:4      | Reached XP level 5. HP: 26/41 MP: 3/5
  1763 | D:4      | Reached XP level 6. HP: 29/47 MP: 3/6
  1763 | D:4      | Reached XP level 7. HP: 33/52 MP: 3/7
  1763 | D:4      | Killed from afar by a bullfrog skeleton

Skill      XL: |  1  2  3  4 |
---------------+-------------+-----
Maces & Flails | 3 4 7 |  7.1
Fighting       | |  3.0
Armour         | |  1.5
Dodging        | |  0.7

Action                   |  1- 3 |  4- 6 |  7- 9 || total
-------------------------+-------+-------+-------++-------
Melee: Mace              |   122 |    17 |       ||   139
  Use: Scroll            |       |     6 |       ||     6
 Stab: Invisible         |     1 |       |       ||     1
       Petrifying        |     1 |       |       ||     1
       Sleeping          |     1 |       |       ||     1
       Paralysed         |     2 |       |       ||     2
Armor: Leather armour    |    56 |    11 |       ||    67
Dodge: Dodged            |   102 |    13 |       ||   115
